 Dungeon Crawl Stone Soup version 0.24-a0-458-gfcb5e6da0e (webtiles) character file.

Game seed: 11247073623951902483

58 Mrkan the Shooter (level 3, -4/30 HPs)
             Began as a Centaur Hunter on June 27, 2019.
             Slain by a worm (7 damage)
             ... on level 2 of the Dungeon.
             The game lasted 00:03:19 (1361 turns).

Mrkan the Shooter (Centaur Hunter)                  Turns: 1361, Time: 00:03:20

Health: -4/30      AC:  4    Str: 14    XL:     3   Next: 76%
Magic:  3/3        EV:  9    Int: 10    God:
Gold:   132        SH:  0    Dex: 10    Spells: 2/2 levels left

rFire    . . .     SeeInvis .   (no weapon)
rCold    . . .     Gourm    .   (no shield)
rNeg     . . .     Faith    .   c - +0 leather armour
rPois    .         Spirit   .   (no helmet)
rElec    .         Reflect  .   (no cloak)
rCorr    .         Harm     .   (no gloves)
MR       .....                  (no barding)
Stlth    +.........             (no amulet)
HPRegen  0.10/turn              (no ring)
MPRegen  0.08/turn              (no ring)

@: very quick
A: large, hooves 3, deformed body, speed 2, tough skin 3
a: no special abilities


You were on level 2 of the Dungeon.
You were not hungry.

You visited 1 branch of the dungeon, and saw 2 of its levels.

You collected 132 gold pieces.

Inventory:

Hand Weapons
 a - a +1 shortbow
Missiles
 d - 24 arrows
Armour
 c - a +0 leather armour (worn)
Jewellery
 e - a +6 amulet of reflection {unknown}
 g - a cursed ring of teleportation {unknown}
Scrolls
 b - a scroll of teleportation {unknown}
 i - a scroll of identify {unknown}
Comestibles
 f - 4 rations


   Skills:
 + Level 2.7 Fighting
 * Level 6.5 Bows
 - Level 1.3 Dodging
 - Level 0.4 Stealth
 + Level 0.9 Unarmed Combat


You had 2 spell levels left.
You didn't know any spells.
Your spell library was empty.

Dungeon Overview and Level Annotations

Branches:
Dungeon (2/15)

Altars:


Innate Abilities, Weirdness & Mutations

You have hooves in place of feet.
Armour fits poorly on your strangely shaped body.
You cover ground very quickly.
You have extremely tough skin. (AC +3)


Message History

You closely miss the hobgoblin. The hobgoblin hits you with a +0 club.
* * * LOW HITPOINT WARNING * * *
You hit the hobgoblin. Your kick misses the hobgoblin.
The hobgoblin is lightly wounded.
The hobgoblin hits you but does no damage.
You hit the hobgoblin.
The hobgoblin is heavily wounded.
You hit the hobgoblin but do no damage.
The hobgoblin is heavily wounded.
The hobgoblin barely misses you.
You closely miss the hobgoblin.
The hobgoblin is heavily wounded.
The hobgoblin hits you with a +0 club.
* * * LOW HITPOINT WARNING * * *
You hit the hobgoblin.
The hobgoblin is almost dead.
The hobgoblin hits you with a +0 club.
* * * LOW HITPOINT WARNING * * *
The worm bites you!
You die...

#####. #######..# ..
#......#(## . ..
#......#.†# #...b
#.......((# ..
#......##.# # ..
#......#..g...... #..#.
##gS...###.......
#....r##w####..........
#lg@.# .#...#.##.
###### .# ...... ..
.#..... .. .......


You could see a worm, an adder, a leopard gecko, a hobgoblin, a goblin and a
rat.

Vanquished Creatures
  2 adders
  2 oozes
  A leopard gecko (D:2)
  A ball python (D:2)
  A giant cockroach (D:1)
  4 goblins
  6 hobgoblins
  2 jackals (D:1)
  9 bats
  A frilled lizard (D:1)
  A rat (D:1)
30 creatures vanquished.

Notes
Turn   | Place    | Note
-------+----------+-------------------------------------------
     0 | D:1      | Mrkan the Centaur Hunter began the quest for the Orb.
     0 | D:1      | Reached XP level 1. HP: 17/17 MP: 1/1
   284 | D:1      | Reached XP level 2. HP: 13/24 MP: 2/2
   513 | D:1      | Reached skill level 6 in Bows
   817 | D:2      | Reached XP level 3. HP: 28/30 MP: 3/3
   836 | D:2      | Noticed an ogre
  1361 | D:2      | Slain by a worm

Levels and vault maps discovered:
D:1:      elethiomel_arrival_maze, layout_basic
D:2:      layout_basic, grunt_temple_overflow_open, lemuel_round_altar,
          grunt_decor_mini_mirrors

Skill      XL: |  1  2 |
---------------+-------+-----
Bows           | 6 |  6.5
Fighting       | |  2.7
Dodging        | |  1.3
Stealth        | |  0.4
Unarmed Combat | |  0.9

Action                   || total
-------------------------++-------
Melee: Unarmed           ||   156
       Kick              ||    35
 Fire: Shortbow          ||     3
  Use: Potion            ||     1
  Eat: Chunk             ||     1
Armor: Leather armour    ||    86
Dodge: Dodged            ||    80

Table legend:
 A = Non-vault XP
 B = Vault XP
 C = Vault XP percentage of total XP
 D = Non-vault monster count
 E = Vault monster count
 F = Vault count percentage of total count
                 A         B        C        D         E       F
            +---------+---------+-------+---------+---------+-------
      Total |      84 |       0 |   0.0 |      30 |       0 |   0.0
            +---------+---------+-------+---------+---------+-------
        D:1 |      48 |       0 |   0.0 |      20 |       0 |   0.0
        D:2 |      36 |       0 |   0.0 |      10 |       0 |   0.0
            +---------+---------+-------+---------+---------+-------
